 Dungeon Crawl Stone Soup version 0.27.1-37-g7b29ead8ac (console) character file.

Game seed: 10155029996576841307

1651 grimtooth the Zephyrmancer (level 8, -4/41 HPs)
             Began as a Deep Elf Air Elementalist on July 30, 2023.
             Was an Initiate of Vehumet.
             Slain by a killer bee (5 damage)
             ... on level 7 of the Dungeon.
             The game lasted 00:29:55 (9165 turns).

grimtooth the Zephyrmancer (DEAE)                   Turns: 9165, Time: 00:29:56

Health: -4/41      AC:  6    Str:  5    XL:     8   Next: 68%
Magic:  21/28      EV: 12    Int: 29    God:    Vehumet [......]
Gold:   240        SH:  0    Dex: 15    Spells: 12/19 levels left

rFire    . . .     SeeInvis .   g - +0 dagger
rCold    . . .     Faith    .   (no shield)
rNeg     . . .     Spirit   .   a - +0 robe
rPois    .         Reflect  .   J - +2 hat
rElec    .         Harm     .   n - +0 cloak
rCorr    .         Rampage  .   j - +0 pair of gloves
Will     .....                  (no boots)
Stlth    +++.......             (no amulet)
HPRegen  0.13/turn              k - +6 ring of intelligence
MPRegen  0.21/turn              d - ring of magical power

@: brilliant, lethally poisoned (-4 -> -10), attractive, hasted, very quick
A: no striking features
a: Renounce Religion


You were on level 7 of the Dungeon.
You worshipped Vehumet.
Vehumet was noncommittal.
You visited 2 branches of the dungeon, and saw 8 of its levels.

You collected 240 gold pieces.

Inventory:

Hand Weapons
 g - a +0 dagger (weapon)
 u - a +2 spectral quarterstaff
Missiles
 b - 232 stones
 r - 29 sling bullets
 G - 31 poisoned darts (quivered)
Armour
 a - a +0 robe (worn)
 j - a +0 pair of gloves (worn)
 n - a +0 cloak (worn)
 J - a +2 hat (worn)
Jewellery
 d - a ring of magical power (right hand)
 k - a +6 ring of intelligence (left hand)
 y - a ring of wizardry
 C - a ring of protection from cold
Wands
 h - a wand of flame (19)
 t - a wand of iceblast (7)
 z - a wand of digging (8)
Scrolls
 f - a scroll of vulnerability {unknown}
 i - 2 scrolls of identify {unknown}
 m - 3 scrolls of magic mapping {unknown}
 o - 2 scrolls of amnesia
 p - a scroll of blinking {unknown}
 q - a scroll of teleportation
 s - 3 scrolls of noise
 x - a scroll of fog {unknown}
 E - a scroll of fear {unknown}
 H - a scroll of torment {unknown}
 I - a scroll of summoning {unknown}
Potions
 c - a potion of lignification {unknown}
 e - a potion of degeneration {unknown}
 v - a potion of brilliance
 w - a potion of flight {unknown}
 A - a potion of attraction
 B - a potion of might {unknown}
 D - a potion of heal wounds {unknown}
 F - a potion of curing {unknown}


   Skills:
 - Level 2.4 Dodging
 - Level 6.0 Stealth
 - Level 6.0 Spellcasting
 + Level 3.9 Conjurations
 - Level 9.0 Air Magic
 + Level 2.2 Earth Magic


You had 12 spell levels left.
You knew the following spells:

 Your Spells              Type           Power      Damage    Failure   Level
a - Shock                 Conj/Air       100%       1d9       1%          1
b - Sandblast             Erth           64%        2d14      2%          1
c - Static Discharge      Conj/Air       62%        N/A       1%          2
s - Swiftness             Air            74%        N/A       1%          3

Your spell library contained the following spells:

 Spells                   Type           Power      Damage    Failure   Level
 Magic Dart               Conj           100%       1d8       1%          1
 Airstrike                Air            37%        N/A       1%          4
 Passwall                 Tmut/Erth      18%        N/A       5%          2
 Ensorcelled Hibernation  Hex/Ice        26%        N/A       9%          2
 Lightning Bolt           Conj/Air       31%        1d48      11%         5
 Spider Form              Tmut/Pois      6%         N/A       17%         3
 Lee's Rapid Deconstruct  Erth           16%        3d11*     54%         5
 Shadow Creatures         Summ           N/A        N/A       100%        6
 Maxwell's Capacitive Co  Air            37%        ∞         100%        8


Dungeon Overview and Level Annotations

Branches:
Dungeon (7/15)             Temple (1/1) D:4

Altars:
Ashenzari
Elyvilon
Fedhas
Sif Muna
Vehumet

Annotations:
D:6 1 runed translucent door, exclusions: 2 killer bees, shadow and sky beast, Crazy Yiuf


Message History

Aiming: Sandblast (safe; 2% risk of failure)
Press: ? - help, Shift-Dir - straight line, f/p - orc warrior
Aim: an orc warrior, wielding a +0 trident and wearing a +1 chain mail of willpower (moderately wounded, 78% to hit)
The blast of sand hits the orc warrior.
The orc warrior is heavily wounded.
b - 232 stones Your surroundings suddenly seem different.
The killer bee stings you. The killer bee stings you!
The killer bee buzzes angrily.
Unknown command.
Enter note: - ah crap
Okay, then.
Unknown command.
You feel yourself speed up.
The killer bee buzzes angrily. x3
The killer bee barely misses you. The killer bee stings you!
The killer bee stings you.
You are poisoned.
The killer bee poisons you! The killer bee misses you.
The killer bee stings you!
* * * LOW HITPOINT WARNING * * *
The killer bee closely misses you.
It was a potion of brilliance.
You feel clever all of a sudden.
* * * LOW HITPOINT WARNING * * *
You feel sick. The killer bee closely misses you.
The killer bee barely misses you. x3; The killer bee stings you!
* * * LOW HITPOINT WARNING * * *
The killer bee barely misses you.
Casting: Sandblast (safe; 2% risk of failure)
Confirm with . or Enter, or press ? or * to list all spells.
Aiming: Sandblast (safe; 2% risk of failure)
Press: ? - help, Shift-Dir - straight line, f - killer bee
Aim: a killer bee (63% to hit)
Okay, then.
It was a potion of attraction.
You feel attractive to monsters.
* * * LOW HITPOINT WARNING * * *
You feel sick. The killer bee stings you.
You die...

#...........##...#.###...........
#...................##...........
#...................##...........
#....................#...........
#.....)............#.#...........
############.......#..##'#######.
#########.......##.##.# .
#...............##..#.#
####................##.#.#
...............yyy..##.#.#
.....#######...y@...##...#
.....#######...yy...###..# ..
.....##...........#####..# ...
.....##...........# #....# ...#
.....##...........###....####...#
..[...............+.....>).......
###...............##.##..........
#...............##.##.......#..
#...............##.##.<.....#
#...............##.##.......#
#................#.##.......#


You could see 6 killer bees.

Vanquished Creatures
  Pikel (D:6)
  An orc warrior (D:7)
  2 scorpions (D:6)
  A wyvern skeleton (D:6)
  A water moccasin zombie (D:5)
  A water moccasin skeleton (D:4)
  2 killer bees (D:6)
  A howler monkey (D:7)
  2 bullfrog zombies (D:6)
  3 orc priests
  3 jellies
  A hound (D:4)
  2 iguanas
  Ijyb (D:5)
  A bullfrog skeleton (D:6)
  3 orc wizards
  A howler monkey zombie (D:7)
  3 gnolls (D:2)
  9 adders
  2 shadow imps
  3 ufetubi
  3 worms
  A dart slug (D:3)
  13 orcs
  5 endoplasms
  2 giant cockroaches (D:3)
  4 goblins
  7 hobgoblins
  3 jackals (D:2)
  6 kobolds
  3 quokkas
  5 ball pythons
  3 bats
  A frilled lizard (D:3)
  5 rats
105 creatures vanquished.

Vanquished Creatures (others)
  A plant (D:1)
1 creature vanquished.

Grand Total: 106 creatures vanquished

Notes
Turn   | Place    | Note
-------+----------+-------------------------------------------
     0 | D:1      | grimtooth the Deep Elf Air Elementalist began the quest for
                  | the Orb.
     0 | D:1      | Reached XP level 1. HP: 10/10 MP: 6/6
   793 | D:1      | Reached XP level 2. HP: 15/15 MP: 6/8
  1308 | D:1      | Learned a level 2 spell: Static Discharge
  1799 | D:2      | Reached XP level 3. HP: 19/19 MP: 4/9
  2087 | D:2      | Reached skill level 4 in Air Magic
  2513 | D:2      | Reached XP level 4. HP: 5/24 MP: 4/10
  2875 | D:2      | Found a faded altar of an unknown god.
  3066 | D:3      | Learned a level 3 spell: Swiftness
  3087 | D:3      | - nice
  3475 | D:3      | - and the stone collection pays off
  3663 | D:3      | Reached skill level 5 in Air Magic
  3663 | D:3      | Reached XP level 5. HP: 16/28 MP: 3/11
  4624 | D:3      | Learned a level 1 spell: Sandblast
  4763 | D:4      | Reached skill level 6 in Air Magic
  4763 | D:4      | Reached XP level 6. HP: 26/32 MP: 6/12
  5253 | D:4      | Found a staircase to the Ecumenical Temple.
  5317 | Temple   | Entered the Ecumenical Temple
  5325 | Temple   | - ash, sif, veh... ash, sif veh...
  5328 | Temple   | Became a worshipper of Vehumet
  5536 | D:5      | Entered Level 5 of the Dungeon
  5842 | D:5      | Noticed Ijyb
  5855 | D:5      | Killed Ijyb
  6459 | D:6      | Noticed Pikel
  6495 | D:6      | Reached XP level 7. HP: 35/36 MP: 15/15
  6550 | D:6      | Killed Pikel
  6551 | D:6      | Reached skill level 5 in Stealth
  6551 | D:6      | Reached skill level 5 in Spellcasting
  6551 | D:6      | Reached skill level 7 in Air Magic
  6551 | D:6      | Reached XP level 8. HP: 27/41 MP: 17/18
  6696 | D:6      | Reached skill level 8 in Air Magic
  7812 | D:6      | Found a runed translucent door.
  7813 | D:6      | Noticed Crazy Yiuf
  8581 | D:7      | Reached skill level 9 in Air Magic
  8697 | D:7      | Reached skill level 1 in Earth Magic
  8907 | D:7      | Reached * piety under Vehumet
  8907 | D:7      | Offered knowledge of Magic Dart by Vehumet.
  9163 | D:7      | - ah crap
  9164 | D:7      | HP: 2/41 [killer bee (7)]
  9165 | D:7      | Slain by a killer bee

Illustrated notes .... .# .... #.###. #.. ..... ... ##...## #.# ##.....## ##.## ##.......## #######...####.....<...# .............+.@.......+ ######...####.........# #...<...###.......## #.##.##.# ##....†## #.##.##†# ##...## #.<..##.# ##'## #..####.# #.# #..####.######.# #............#.## ##.##.######....## #........##.....## Turn 3087 on D:3: - nice ##...###... ##.#...>.... ##.##.##.#### #. #.###.###.# ##. #.....# #.# ... #..######.# ... ##.## ##.## # #.## #..###.## ## # #.. ####.#...## ##. #...##.###........####.. .......@.............'.. #...##.###.##.#...####.. # #† #.##.##.## ##. #. #.##....# ## #. #.####..# # #. #.####..# .. #.......# ##### ## ######)####.... #........# #......#.# ##.#####.# Turn 3475 on D:3: - and the stone collection pays off ≈≈≈≈≈............ ≈≈≈≈8...........# ≈≈≈≈...........# ≈≈≈......_....# ≈≈≈#..........# ≈≈≈..........# ≈≈≈..........## ≈≈≈8...@.._..<# ≈≈≈..........## ≈≈≈..........# ≈≈≈#..........# ≈≈≈......_....# ≈≈≈≈...........# ≈≈≈≈8...........# ≈≈≈≈≈............ ......_..... Turn 5325 on Temple: - ash, sif, veh... ash, sif veh...

#...........##...#.###...........
#...................##...........
#...................##...........
#....................#...........
#.....)............#.#...........
############.......#..##'#######.
#########.......##.##.# .
#...............##..#.#
####..........y.y...##.#.#
.................y..##.#.#
.....#######....@...##...#
.....#######...y....###..# ..
.....##.....y.....#####..# ...
.....##........y..# #....# ...#
.....##...........###....####...#
..[...............+.....>).......
###...............##.##..........
#...............##.##.......#..
#...............##.##.<.....#
#...............##.##.......#
#................#.##.......#


Turn 9163 on D:7: - ah crap

Levels and vault maps discovered:
D:1:      dpeg_arrival_rhombi, layout_basic, serial_bayou_ford_a
D:2:      layout_basic, shapermc_ecumenical_altar_mp_urbaneastern
D:3:      layout_loops_corners
D:4:      layout_basic, minmay_temple_entry_statues_fountains
D:5:      layout_cave_pools, uniq_ijyb
D:6:      layout_loops_ring, uniq_crazy_yiuf_cottage, uniq_pikel
D:7:      layout_basic
Temple:   nicolae_temple_the_god_donut

Skill      XL: |  1  2  3  4  5  6  7  8 |
---------------+-------------------------+-----
Conjurations   | 2 3 |  3.9
Air Magic      | 4 5 6 7 9 |  9.0
Stealth        | 3 5 6 |  6.0
Spellcasting   | 4 5 6 |  6.0
Earth Magic    | 2 |  2.2
Dodging        | |  2.4

Action                   |  1- 3 |  4- 6 |  7- 9 || total
-------------------------+-------+-------+-------++-------
Melee: Unarmed           |       |     1 |       ||     1
       Dagger            |       |       |     3 ||     3
 Cast: Shock             |    80 |   138 |    81 ||   299
       Static Discharge  |     1 |     2 |    14 ||    17
       Sandblast         |       |       |     9 ||     9
       Swiftness         |       |       |     3 ||     3
  Use: Potion            |       |     2 |     3 ||     5
       Scroll            |       |     1 |     4 ||     5
 Stab: Sleeping          |       |       |     2 ||     2
Armor: Robe              |     1 |     8 |     4 ||    13
Dodge: Dodged            |     6 |    24 |    22 ||    52
